 Dungeon Crawl Stone Soup version 0.20-a0-858-g654850e (webtiles) character file.

497 Angani the Skirmisher (level 7, 0/58 HPs)
             Began as a Barachi Summoner on Mar 12, 2017.
             Was a Follower of Uskayaw.
             Succumbed to a worker ant's poison
             ... on level 4 of the Dungeon.
             The game lasted 00:15:36 (5433 turns).

Angani the Skirmisher (Barachi Summoner)            Turns: 5433, Time: 00:15:36

Health: 0/58       AC:  4    Str:  7 (10) XL:     7   Next: 15%
Magic:  4/10       EV: 11    Int: 14 (17) God:    Uskayaw [*.....]
Gold:   225        SH:  0    Dex: 10 (12) Spells: 7/10 levels left

rFire    . . .     SeeInvis .   l - +0 falchion
rCold    . . .     Gourm    .   q - +0 leather armour
rNeg     + . .     Faith    .   (no shield)
rPois    .         Spirit   .   (no helmet)
rElec    .         Reflect  .   (no cloak)
rCorr    .         Harm     .   (no gloves)
MR       .....                  g - +0 pair of boots
Stlth    +.........             (no amulet)
Regen    0.2/turn               (no ring)
MPRegen  0.2/turn               i - ring of positive energy

@: lethally poisoned (0 -> -1), can't hop, slow
A: +LOS, swims, slowness 1, strong legs 1
a: Hop, Stomp, Renounce Religion


You were on level 4 of the Dungeon.
You worshipped Uskayaw.
Uskayaw was noncommittal.
You were not hungry.

You visited 1 branch of the dungeon, and saw 4 of its levels.

You collected 225 gold pieces.

Inventory:

Hand Weapons
 l - a +0 falchion (weapon)
 t - a +0 dagger of holy wrath
 u - a +0 club
Armour
 g - a +0 pair of boots (worn)
 q - a +0 leather armour (worn)
Jewellery
 i - a ring of positive energy (left hand)
Scrolls
 a - a scroll of random uselessness {unknown}
 d - 2 scrolls of identify {unknown}
 e - 3 scrolls of remove curse
 f - 5 scrolls of blinking {unknown}
 h - 2 scrolls of enchant armour {unknown}
 k - a scroll of recharging {unknown}
 n - a scroll of amnesia {unknown}
 r - 2 scrolls of magic mapping {unknown}
 s - a scroll of teleportation {unknown}
Potions
 o - a potion of degeneration
Books
 b - a book of Callings

   Spells                             Type                      Level
   a - Summon Small Mammal            Summoning                    1
   b - Call Imp                       Summoning                    2
   c - Call Canine Familiar           Summoning                    3
   d - Summon Guardian Golem          Hexes/Summoning              3
   e - Summon Lightning Spire         Summoning/Air                4
   f - Summon Ice Beast               Ice/Summoning                4
Comestibles
 m - a meat ration


   Skills:
 - Level 6.1 Fighting
 - Level 5.2 Long Blades
 + Level 2.1 Armour
 - Level 2.1 Dodging
 - Level 1.7 Stealth
 - Level 2.1 Spellcasting
 - Level 4.8 Summonings


You had 7 spell levels left.
You knew the following spells:

 Your Spells              Type           Power        Failure   Level  Hunger
a - Summon Small Mammal   Summ           ###.         6%          1    #......
b - Call Imp              Summ           ###.....     10%         2    ###....


Dungeon Overview and Level Annotations

Branches:
Dungeon (4/15)
 Temple: D:4-7

Altars:
Elyvilon
Trog
Uskayaw


Innate Abilities, Weirdness & Mutations

Shadows flee at your approach. (+LOS)
You can swim through water.
You cover ground slowly.
You can hop short distances.


Message History

The worker ant is severely wounded.
Your crimson imp misses the worker ant.
The worker ant barely misses you.
You can now stomp with the beat.
You completely miss the worker ant.
The worker ant is severely wounded.
Your crimson imp hits the worker ant.
The worker ant dies!
Your Armour skill increases to level 2!
You see here a worker ant corpse.
You butcher the worker ant corpse.
* * * LOW HITPOINT WARNING * * *
You feel sick.
You see here 3 chunks of flesh.
Okay, then.
Unknown command.
There is a lethal amount of poison in your body!
There is a lethal amount of poison in your body!
Your crimson imp blinks!
A worm comes into view.
You die...

....)....#...>........[..##
....#.....................#
..........................#
....).#(.............<....#
....).#...#.........).....#
##..))(...#........)......#
####..5...................#
......#.........5........##
............#...@.#.....##
###.#.#.........#########
###!#..#.......##
#...<..........##
..........5<....#
##...............#
............#..###
.#.....>........#
..........w.....#


You could see a worm and 2 friendly crimson imps.

Vanquished Creatures
  4 orc wizards (D:3)
  2 orc priests (D:4)
  A worker ant (D:3)
  3 adders
  4 dart slugs
  2 leopard geckos (D:3)
  7 orcs
  5 bats
  2 giant cockroaches
  7 goblins
  7 hobgoblins
  2 jackals (D:3)
  A quokka (D:2)
  A ball python (D:1)
  2 frilled lizards
  6 kobolds
  11 rats
67 creatures vanquished.

Vanquished Creatures (collateral kills)
  A scorpion (D:3)
  An orc priest (D:3)
  6 orc wizards
  3 worker ants
  2 adders
  An ooze (D:2)
  2 dart slugs
  14 orcs
  A giant cockroach (D:3)
  6 goblins
  4 hobgoblins
  A frilled lizard (D:1)
  2 kobolds
44 creatures vanquished.

Grand Total: 111 creatures vanquished

Notes
Turn   | Place    | Note
-------+----------+-------------------------------------------
     0 | D:1      | Angani the Barachi Summoner began the quest for the Orb.
     0 | D:1      | Reached XP level 1. HP: 13/13 MP: 3/3
   323 | D:1      | Reached skill level 1 in Fighting
   356 | D:1      | Reached XP level 2. HP: 11/22 MP: 3/5
   544 | D:1      | Reached skill level 2 in Fighting
   763 | D:1      | Learned a level 2 spell: Call Imp
   978 | D:1      | Reached skill level 3 in Fighting
   978 | D:1      | Reached XP level 3. HP: 17/29 MP: 6/6
  1876 | D:2      | Found a hide-covered altar of Uskayaw.
  1878 | D:2      | Became a worshipper of Uskayaw the Reveler
  1913 | D:2      | Reached * piety under Uskayaw
  1917 | D:2      | Reached skill level 1 in Long Blades
  2141 | D:2      | Reached XP level 4. HP: 31/35 MP: 4/7
  2296 | D:2      | Found a white marble altar of Elyvilon.
  2495 | D:3      | Reached ** piety under Uskayaw
  2641 | D:3      | Reached XP level 5. HP: 25/41 MP: 1/8
  3041 | D:3      | Reached skill level 5 in Long Blades
  3314 | D:3      | Reached XP level 6. HP: 48/48 MP: 9/9
  3580 | D:3      | Reached skill level 4 in Fighting
  4124 | D:3      | Found a bloodstained altar of Trog.
  4309 | D:4      | Reached skill level 5 in Fighting
  5195 | D:4      | Reached skill level 6 in Fighting
  5195 | D:4      | Reached XP level 7. HP: 41/58 MP: 6/10
  5347 | D:4      | Reached skill level 1 in Armour
  5366 | D:4      | HP: 1/58 [orc/trident (6)]
  5416 | D:4      | HP: 2/58 [worker ant (5)]
  5421 | D:4      | HP: 1/58 [poisoned by a worker ant]
  5429 | D:4      | HP: 1/58 [poisoned by a worker ant]
  5433 | D:4      | Succumbed to a worker ant's poison

Vault maps used:
D:1:      ncdulo_wetmaze
D:2:      nicolae_overflow_hidden_temple, amethyst_overflow_temple_binary
D:3:      grunt_decor_one_mirror, trog_book
D:4:      first_bread, grunt_qazlal_clouds, uniq_edmund

Skill      XL: |  1  2  3  4  5  6  7 |
---------------+----------------------+-----
Fighting       | 1 3 6 |  6.1
Long Blades    | 1 3 5 |  5.2
Armour         | 2 |  2.1
Dodging        | |  2.1
Stealth        | |  1.7
Spellcasting   | |  2.1
Summonings     | |  4.8

Action                   |  1- 3 |  4- 6 |  7- 9 || total
-------------------------+-------+-------+-------++-------
Melee: Short sword       |    85 |       |       ||    85
       Unarmed           |     5 |       |       ||     5
       Falchion          |    18 |   165 |    22 ||   205
 Cast: Summon Small Mamm |     8 |       |       ||     8
       Call Imp          |    15 |    41 |     6 ||    62
Invok: Stomp             |       |     2 |     1 ||     3
 Abil: Hop               |       |     3 |     1 ||     4
  Use: Scroll            |     1 |       |       ||     1
       Potion            |       |     5 |     1 ||     6
 Stab: Distracted        |     1 |     2 |     1 ||     4
  Eat: Chunk             |     5 |    13 |       ||    18
       Bread ration      |       |       |     1 ||     1
Armor: Robe              |    20 |     6 |       ||    26
       Leather armour    |       |    33 |     5 ||    38
       Skin              |       |    19 |     3 ||    22
Dodge: Dodged            |    51 |   113 |     6 ||   170
       Rpst.: Falchion   |     3 |    21 |     2 ||    26
